TOP OF THE 1ST |
Mississippi Braves batting - Pitching for Jacksonville Suns : RHP Jorge Lara
|
Pitching: RHP Jorge Lara
|
|
Batting: RHB Luis Restrepo
|
0-0: Swinging Strike 0-1: Foul Ball, location: 2F 0-2: Foul Ball, location: 2F 0-2: Foul Ball, location: 2F 0-2: Ball 1-2: Strikes out swinging
|
Batting: RHB Zheng-ze King
|
0-0: Called Strike 0-1: Ball 1-1: Foul Ball, location: 2F 1-2: Strikes out swinging
|
Batting: LHB Art D'Ascenzo
|
0-0: Called Strike 0-1: Ball 1-1: Foul Ball, location: 2F 1-2: Ground out 4-3 (Groundball, 4, EV 103.1 MPH)
|
Top of the 1st over - 0 runs, 0 hits, 0 errors, 0 left on base; Mississippi 0 - Jacksonville 0 |
BOTTOM OF THE 1ST |
Jacksonville Suns batting - Pitching for Mississippi Braves : LHP Carlos Salcido
|
Pitching: LHP Carlos Salcido
|
|
Batting: RHB Akira Suzuki
|
0-0: Ball 1-0: Ball 2-0: Foul Ball, location: 2F 2-1: DOUBLE (Flyball, 89D, EV 96.2 MPH)
|
Batting: RHB Reomel Somera
|
0-0: Called Strike 0-1: Fly out, F6 (Line Drive, 6, EV 63.1 MPH)
|
Batting: RHB Torquato Obawole
|
0-0: 2-RUN HOME RUN (Flyball, 78XD, EV 116.2 MPH), Distance : 459 ft
|
Batting: RHB Len Graham
|
0-0: Ball 1-0: Called Strike 1-1: Ground out 6-3 (Groundball, 4M, EV 83.8 MPH)
|
Batting: LHB Orlando Rivera
|
0-0: Reached on error, E7 (Flyball, 7, EV 73.8 MPH)
|
Batting: RHB Larry LeFever
|
0-0: Called Strike 0-1: Called Strike 0-2: Ball 1-2: Foul Ball, location: 2F 1-2: Ground out 5-3 (Groundball, 5, EV 88.1 MPH)
|
Bottom of the 1st over - 2 runs, 2 hits, 1 error, 1 left on base; Mississippi 0 - Jacksonville 2 |
TOP OF THE 2ND |
Mississippi Braves batting - Pitching for Jacksonville Suns : RHP Jorge Lara
|
Batting: RHB Eddie McCoy
|
0-0: Ball 1-0: Ball 2-0: Foul Ball, location: 2F 2-1: Ball 3-1: Foul Ball, location: 2F 3-2: Strikes out swinging
|
Batting: RHB Justin Reich
|
0-0: Ball 1-0: Ball 2-0: Swinging Strike 2-1: Ball 3-1: Base on Balls
|
Batting: LHB Sal Fernandez
|
0-0: Foul Ball, location: 2F 0-1: Foul Ball, location: 2F 0-2: Fielders Choice at 2nd, U6 (Groundball, 4M, EV 103.1 MPH)
|
Batting: RHB Hieronim Rutkowski
|
0-0: Ball Sal Fernandez steals 2nd base (no throw) 1-0: Called Strike 1-1: Ball 2-1: DOUBLE (Line Drive, 89D, EV 101.9 MPH) Sal Fernandez scores
|
Batting: LHB Luis Cruz
|
0-0: Swinging Strike 0-1: Called Strike 0-2: Strikes out swinging
|
Top of the 2nd over - 1 run, 1 hit, 0 errors, 1 left on base; Mississippi 1 - Jacksonville 2 |
BOTTOM OF THE 2ND |
Jacksonville Suns batting - Pitching for Mississippi Braves : LHP Carlos Salcido
|
Batting: RHB Chris Alft
|
0-0: Ball 1-0: Ball 2-0: Called Strike 2-1: Ball 3-1: Called Strike 3-2: Foul Ball, location: 2F 3-2: SINGLE (Line Drive, 89S, EV 90.0 MPH)
|
Batting: LHB Matt McKeon
|
0-0: Swinging Strike 0-1: Ball 1-1: Swinging Strike 1-2: Ball 2-2: Foul Ball, location: 2F 2-2: Ball 3-2: Foul Ball, location: 2F 3-2: Strikes out swinging
|
Batting: LHB Emilio Cordero
|
0-0: Called Strike 0-1: Called Strike 0-2: Ball 1-2: Strikes out swinging
|
Batting: RHB Akira Suzuki
|
0-0: Swinging Strike 0-1: Called Strike 0-2: Ball 1-2: Foul Ball, location: 2F 1-2: Ball 2-2: Foul Ball, location: 2F 2-2: Foul Ball, location: 2F 2-2: Ball 3-2: Base on Balls Chris Alft to second
|
Batting: RHB Reomel Somera
|
0-0: Ball 1-0: Called Strike 1-1: Ball 2-1: Called Strike 2-2: Foul Ball, location: 2F 2-2: Ball 3-2: Foul Ball, location: 2F 3-2: Foul Ball, location: 2F 3-2: Strikes out swinging
|
Bottom of the 2nd over - 0 runs, 1 hit, 0 errors, 2 left on base; Mississippi 1 - Jacksonville 2 |
TOP OF THE 3RD |
Mississippi Braves batting - Pitching for Jacksonville Suns : RHP Jorge Lara
|
Batting: RHB Tim Molchan
|
0-0: Ball 1-0: Called Strike 1-1: Ball 2-1: Ball 3-1: Ground out 4-3 (Groundball, 6MS, EV 86.9 MPH)
|
Batting: RHB Luis Restrepo
|
0-0: Called Strike 0-1: Ground out 6-3 (Groundball, 6, EV 84.4 MPH)
|
Batting: RHB Zheng-ze King
|
0-0: Called Strike 0-1: Ball 1-1: Ball 2-1: Ground out 5-3 (Groundball, 5, EV 84.4 MPH)
|
Top of the 3rd over - 0 runs, 0 hits, 0 errors, 0 left on base; Mississippi 1 - Jacksonville 2 |
BOTTOM OF THE 3RD |
Jacksonville Suns batting - Pitching for Mississippi Braves : LHP Carlos Salcido
|
Batting: RHB Torquato Obawole
|
0-0: SINGLE (Line Drive, 6MD, EV 98.1 MPH)
|
Batting: RHB Len Graham
|
0-0: Ball 1-0: Fly out, F9 (Flyball, 9S, EV 91.2 MPH)
|
Batting: LHB Orlando Rivera
|
0-0: Ball 1-0: Ball 2-0: Fly out, F7 (Line Drive, 7, EV 91.9 MPH)
|
Batting: RHB Larry LeFever
|
0-0: Called Strike 0-1: Ground out 4-3 (Groundball, 4MS, EV 88.8 MPH)
|
Bottom of the 3rd over - 0 runs, 1 hit, 0 errors, 1 left on base; Mississippi 1 - Jacksonville 2 |
TOP OF THE 4TH |
Mississippi Braves batting - Pitching for Jacksonville Suns : RHP Jorge Lara
|
Batting: LHB Art D'Ascenzo
|
0-0: Ball 1-0: Ball 2-0: SINGLE (Line Drive, 3L, EV 100.0 MPH)
|
Batting: RHB Eddie McCoy
|
0-0: Called Strike 0-1: Called Strike 0-2: Ball 1-2: Foul Ball, location: 2F 1-2: Strikes out looking
|
Batting: RHB Justin Reich
|
0-0: Ball 1-0: Called Strike Art D'Ascenzo is caught stealing 2nd base 2-4 1-1: Foul Ball, location: 2F 1-2: Foul Ball, location: 2F 1-2: Foul Ball, location: 2F 1-2: Ball 2-2: Ball 3-2: Foul Ball, location: 2F 3-2: Foul Ball, location: 2F 3-2: Ground out 6-3 (Groundball, 6, EV 86.2 MPH)
|
Top of the 4th over - 0 runs, 1 hit, 0 errors, 0 left on base; Mississippi 1 - Jacksonville 2 |
BOTTOM OF THE 4TH |
Jacksonville Suns batting - Pitching for Mississippi Braves : LHP Carlos Salcido
|
Batting: RHB Chris Alft
|
0-0: Called Strike 0-1: Ball 1-1: Swinging Strike 1-2: Ground out 6-3 (Groundball, 6, EV 108.1 MPH)
|
Batting: LHB Matt McKeon
|
0-0: Reached on error, E2 (Groundball, 13S, EV 75.0 MPH)
|
Batting: LHB Emilio Cordero
|
0-0: Called Strike 0-1: Foul Ball, location: 2F 0-2: Ball 1-2: Ball 2-2: SINGLE (Line Drive, 8LS, EV 105.0 MPH) Matt McKeon to second
|
Batting: RHB Akira Suzuki
|
0-0: Ball 1-0: Ball 2-0: Ball 3-0: Base on Balls Matt McKeon to third Emilio Cordero to second
|
Batting: RHB Reomel Somera
|
0-0: SINGLE (Groundball, 6D, EV 96.9 MPH) Matt McKeon scores Emilio Cordero to third Akira Suzuki to second
|
Batting: RHB Torquato Obawole
|
0-0: Ball 1-0: Fly out, F7 (Flyball, 7LM, EV 88.1 MPH) Runner from 3rd tags up, SCORES, no throw by LF
|
Batting: RHB Len Graham
|
0-0: Foul Ball, location: 2F 0-1: Ball 1-1: Ground out 3-1 (Groundball, 34S, EV 87.5 MPH)
|
Bottom of the 4th over - 2 runs, 2 hits, 1 error, 2 left on base; Mississippi 1 - Jacksonville 4 |
TOP OF THE 5TH |
Mississippi Braves batting - Pitching for Jacksonville Suns : RHP Jorge Lara
|
Batting: LHB Sal Fernandez
|
0-0: Fly out, F9 (Flyball, 9LM, EV 96.9 MPH)
|
Batting: RHB Hieronim Rutkowski
|
0-0: Called Strike 0-1: Ball 1-1: Ball 2-1: Ball 3-1: Base on Balls
|
Batting: LHB Luis Cruz
|
0-0: Called Strike 0-1: Called Strike Hieronim Rutkowski steals 2nd base 0-2: Ground out 6-3 (Groundball, 6, EV 86.2 MPH) Hieronim Rutkowski to third
|
Batting: RHB Tim Molchan
|
0-0: Ball 1-0: Ball 2-0: Ball 3-0: Called Strike 3-1: DOUBLE (Flyball, 8RXD, EV 100.6 MPH) Hieronim Rutkowski scores
|
Batting: RHB Luis Restrepo
|
0-0: Called Strike 0-1: Foul Ball, location: 2F 0-2: Fly out, F8 (Flyball, 8RM, EV 81.2 MPH)
|
Top of the 5th over - 1 run, 1 hit, 0 errors, 1 left on base; Mississippi 2 - Jacksonville 4 |
BOTTOM OF THE 5TH |
Jacksonville Suns batting - Pitching for Mississippi Braves : LHP Carlos Salcido
|
Batting: LHB Orlando Rivera
|
0-0: Called Strike 0-1: Swinging Strike 0-2: Foul Ball, location: 2F 0-2: Foul Ball, location: 2F 0-2: Strikes out swinging
|
Batting: RHB Larry LeFever
|
0-0: Called Strike 0-1: Ground out 5-3 (Groundball, 5, EV 90.6 MPH)
|
Batting: RHB Chris Alft
|
0-0: Ball 1-0: Swinging Strike 1-1: SINGLE (Groundball, 6MD, EV 105.6 MPH)
|
Batting: LHB Matt McKeon
|
0-0: Swinging Strike 0-1: Ball 1-1: Ball 2-1: Called Strike 2-2: Fly out, F7 (Line Drive, 78D, EV 94.4 MPH)
|
Bottom of the 5th over - 0 runs, 1 hit, 0 errors, 1 left on base; Mississippi 2 - Jacksonville 4 |
TOP OF THE 6TH |
Mississippi Braves batting - Pitching for Jacksonville Suns : RHP Jorge Lara
|
Batting: RHB Zheng-ze King
|
0-0: Ball 1-0: Swinging Strike 1-1: Called Strike 1-2: Strikes out looking
|
Batting: LHB Art D'Ascenzo
|
0-0: Ball 1-0: Ball 2-0: Ball 3-0: Called Strike 3-1: Called Strike 3-2: Strikes out looking
|
Batting: RHB Eddie McCoy
|
0-0: Called Strike 0-1: Foul Ball, location: 2F 0-2: Ball 1-2: Foul Ball, location: 2F 1-2: Strikes out swinging
|
Top of the 6th over - 0 runs, 0 hits, 0 errors, 0 left on base; Mississippi 2 - Jacksonville 4 |
BOTTOM OF THE 6TH |
Jacksonville Suns batting - Pitching for Mississippi Braves : LHP Carlos Salcido
|
Pitching: RHP Chris Hawkins
|
|
Batting: LHB Emilio Cordero
|
0-0: Foul Ball, location: 2F 0-1: Foul Ball, location: 2F 0-2: Ball 1-2: Fly out, F7 (Flyball, 7, EV 85.6 MPH)
|
Batting: RHB Akira Suzuki
|
0-0: Called Strike 0-1: Called Strike 0-2: SINGLE (Line Drive, 89M, EV 101.9 MPH)
|
Batting: RHB Reomel Somera
|
0-0: Fly out, F9 (Flyball, 9LDF, EV 103.1 MPH)
|
Batting: RHB Torquato Obawole
|
0-0: Swinging Strike 0-1: Swinging Strike 0-2: Foul Ball, location: 2F 0-2: Ball 1-2: Ground out 4-3 (Groundball, 4, EV 90.6 MPH)
|
Bottom of the 6th over - 0 runs, 1 hit, 0 errors, 1 left on base; Mississippi 2 - Jacksonville 4 |
TOP OF THE 7TH |
Mississippi Braves batting - Pitching for Jacksonville Suns : RHP Jorge Lara
|
Pitching: RHP Mike Yorke
|
|
Batting: RHB Justin Reich
|
0-0: Ball 1-0: Swinging Strike 1-1: Foul Ball, location: 2F 1-2: Foul Ball, location: 2F 1-2: Strikes out swinging
|
Batting: LHB Sal Fernandez
|
0-0: Ball 1-0: Called Strike 1-1: Swinging Strike 1-2: Foul Ball, location: 2F 1-2: Hit by Pitch
|
Batting: RHB Hieronim Rutkowski
|
0-0: Ball Sal Fernandez steals 2nd base 1-0: Called Strike 1-1: Foul Ball, location: 2F 1-2: Strikes out swinging
|
Batting: LHB Luis Cruz
|
0-0: Ball 1-0: Swinging Strike 1-1: Ball 2-1: Ground out 4-3 (Groundball, 4M, EV 105.0 MPH)
|
Top of the 7th over - 0 runs, 0 hits, 0 errors, 1 left on base; Mississippi 2 - Jacksonville 4 |
BOTTOM OF THE 7TH |
Jacksonville Suns batting - Pitching for Mississippi Braves : RHP Chris Hawkins
|
Batting: RHB Len Graham
|
0-0: Foul Ball, location: 2F 0-1: Swinging Strike 0-2: Strikes out swinging
|
Batting: LHB Orlando Rivera
|
0-0: Called Strike 0-1: Ground out 4-3 (Groundball, 4M, EV 90.6 MPH)
|
Batting: RHB Larry LeFever
|
0-0: Fly out, F7 (Flyball, 7, EV 95.6 MPH)
|
Bottom of the 7th over - 0 runs, 0 hits, 0 errors, 0 left on base; Mississippi 2 - Jacksonville 4 |
TOP OF THE 8TH |
Mississippi Braves batting - Pitching for Jacksonville Suns : RHP Mike Yorke
|
Pitching: RHP Alberto Negrete
|
|
Batting: RHB Tim Molchan
|
0-0: Called Strike 0-1: Ball 1-1: Called Strike 1-2: Foul Ball, location: 2F 1-2: Foul Ball, location: 2F 1-2: Ball 2-2: Ground out 2-3 (Groundball, 2R, EV 67.5 MPH)
|
Batting: RHB Luis Restrepo
|
0-0: Ball 1-0: Swinging Strike 1-1: Called Strike 1-2: Fly out, F8 (Line Drive, 8RS, EV 95.0 MPH)
|
Batting: RHB Zheng-ze King
|
0-0: Called Strike 0-1: Called Strike 0-2: Ball 1-2: Ground out 6-3 (Groundball, 6, EV 84.4 MPH)
|
Top of the 8th over - 0 runs, 0 hits, 0 errors, 0 left on base; Mississippi 2 - Jacksonville 4 |
BOTTOM OF THE 8TH |
Jacksonville Suns batting - Pitching for Mississippi Braves : RHP Chris Hawkins
|
Pitching: LHP Justin Hawk
|
|
Batting: RHB Chris Alft
|
0-0: Called Strike 0-1: Ball 1-1: Ball 2-1: Ball 3-1: Called Strike 3-2: Foul Ball, location: 2F 3-2: Strikes out swinging
|
Batting: LHB Matt McKeon
|
0-0: Swinging Strike 0-1: Ball 1-1: Called Strike 1-2: Strikes out swinging
|
Batting: LHB Emilio Cordero
|
0-0: Ball 1-0: SINGLE (Groundball, 4MD, EV 108.8 MPH)
|
Batting: RHB Akira Suzuki
|
0-0: Ball 1-0: Ball 2-0: Called Strike 2-1: Ball 3-1: Fly out, F9 (Flyball, 89M, EV 89.4 MPH)
|
Bottom of the 8th over - 0 runs, 1 hit, 0 errors, 1 left on base; Mississippi 2 - Jacksonville 4 |
TOP OF THE 9TH |
Mississippi Braves batting - Pitching for Jacksonville Suns : RHP Alberto Negrete
|
Pitching: RHP Cory Levine
|
|
Batting: LHB Art D'Ascenzo
|
0-0: Called Strike 0-1: Foul Ball, location: 2F 0-2: Foul Ball, location: 2F 0-2: Foul Ball, location: 2F 0-2: Ball 1-2: Ground out 1-3 (Groundball, 13S, EV 73.8 MPH)
|
Batting: RHB Eddie McCoy
|
0-0: Ball 1-0: Foul Ball, location: 2F 1-1: Ball 2-1: Foul Ball, location: 2F 2-2: Strikes out swinging
|
Batting: RHB Justin Reich
|
0-0: Ball 1-0: Ball 2-0: Ball 3-0: Base on Balls
|
Batting: LHB Sal Fernandez
|
0-0: Ground out 4-3 (Groundball, 34, EV 78.1 MPH)
|
Top of the 9th over - 0 runs, 0 hits, 0 errors, 1 left on base; Mississippi 2 - Jacksonville 4 |
|